MLB
BOSTON RED SOX @ TORONTO BLUE JAYS
07/22/2020
 
TOP OF THE 1ST
Boston Red Sox batting - Pitching for Toronto Blue Jays : RHP Chi Chi Gonzalez
Pitching: RHP Chi Chi Gonzalez
Batting: LHB Zach McKinstry 0-0: Called Strike
0-1: Bunt for hit to 3S - play at first, batter OUT! 3-4
Batting: RHB Ian Desmond 0-0: Ball
1-0: Ball
2-0: Ball
3-0: Called Strike
3-1: Base on Balls
Batting: RHB Mike Trout 0-0: Grounds into double play, 6-4-3 (Groundball, 6, EV 86.9 MPH)
Top of the 1st over - 0 runs, 0 hits, 0 errors, 0 left on base; Boston 0 - Toronto 0
BOTTOM OF THE 1ST
Toronto Blue Jays batting - Pitching for Boston Red Sox : RHP Adam Wainwright
Pitching: RHP Adam Wainwright
Batting: LHB Dee Gordon 0-0: Called Strike
0-1: Swinging Strike
0-2: Ball
1-2: Strikes out looking
Batting: RHB Keon Broxton 0-0: Ball
1-0: Ball
2-0: Called Strike
2-1: Foul Ball, location: 2F
2-2: Strikes out swinging
Batting: RHB Kris Bryant 0-0: Ball
1-0: DOUBLE (Flyball, 78XD, EV 104.4 MPH)
Batting: SHB Josh Bell 0-0: Ball
1-0: Ground out 6-3 (Groundball, 6MS, EV 85.0 MPH)
Bottom of the 1st over - 0 runs, 1 hit, 0 errors, 1 left on base; Boston 0 - Toronto 0
TOP OF THE 2ND
Boston Red Sox batting - Pitching for Toronto Blue Jays : RHP Chi Chi Gonzalez
Batting: RHB Xander Bogaerts 0-0: Ball
1-0: Ground out 5-3 (Groundball, 56, EV 87.5 MPH)
Batting: SHB Marwin Gonzalez 0-0: Ball
1-0: Ball
2-0: Swinging Strike
2-1: Swinging Strike
2-2: Foul Ball, location: 2F
2-2: Foul Ball, location: 2F
2-2: Ball
3-2: Foul Ball, location: 2F
3-2: Base on Balls
Batting: RHB Wilson Ramos 0-0: Ball
1-0: Called Strike
1-1: Called Strike
1-2: Ball
2-2: Ball
3-2: Base on Balls
Marwin Gonzalez to second
Batting: LHB Joe Panik 0-0: Ball
1-0: Ball
2-0: Fielders Choice at 2nd, 3-6 (Groundball, 34, EV 86.3 MPH)
Marwin Gonzalez to third
Batting: RHB Jedd Gyorko 0-0: Ball
1-0: Ball
2-0: Foul Ball, location: 2F
2-1: Ball
3-1: Fly out, F9 (Flyball, 9LS, EV 81.3 MPH)
Top of the 2nd over - 0 runs, 0 hits, 0 errors, 2 left on base; Boston 0 - Toronto 0
BOTTOM OF THE 2ND
Toronto Blue Jays batting - Pitching for Boston Red Sox : RHP Adam Wainwright
Batting: RHB Aledmys Diaz 0-0: Called Strike
0-1: Ground out 6-3 (Groundball, 6, EV 105.6 MPH)
Batting: RHB Enrique Hernandez 0-0: SINGLE (Line Drive, 9S, EV 106.9 MPH)
Batting: RHB Danny Mendick 0-0: Ball
1-0: Foul Ball, location: 2F
1-1: Grounds into double play, 5-4-3 (Groundball, 56S, EV 85.0 MPH)
Bottom of the 2nd over - 0 runs, 1 hit, 0 errors, 0 left on base; Boston 0 - Toronto 0
TOP OF THE 3RD
Boston Red Sox batting - Pitching for Toronto Blue Jays : RHP Chi Chi Gonzalez
Batting: SHB Kaleb Cowart 0-0: Ball
1-0: DOUBLE (Flyball, 8RXD, EV 105.6 MPH)
Batting: LHB Zach McKinstry 0-0: Called Strike
0-1: Foul Ball, location: 2F
0-2: Foul Ball, location: 2F
0-2: Fly out, F8 (Line Drive, 8LD, EV 93.8 MPH)
Batting: RHB Ian Desmond 0-0: Called Strike
0-1: Ball
Kaleb Cowart is caught stealing 3rd base 2-5
1-1: Swinging Strike
1-2: Ball
2-2: Ground out 1-3 (Groundball, 13S, EV 63.1 MPH)
Top of the 3rd over - 0 runs, 1 hit, 0 errors, 0 left on base; Boston 0 - Toronto 0
BOTTOM OF THE 3RD
Toronto Blue Jays batting - Pitching for Boston Red Sox : RHP Adam Wainwright
Batting: RHB Yusniel Diaz 0-0: Called Strike
0-1: Ball
1-1: Ball
2-1: Foul Ball, location: 2F
2-2: Ball
3-2: Base on Balls
Batting: RHB Spencer Kieboom 0-0: Ball
Wild Pitch!
Yusniel Diaz to second
1-0: Called Strike
1-1: SINGLE (Groundball, 56D, EV 108.8 MPH)
Yusniel Diaz to third
Batting: LHB Dee Gordon 0-0: Ball
1-0: Swinging Strike
1-1: Ball
2-1: Fly out, F7 (Flyball, 7S, EV 75.6 MPH)
Batting: RHB Keon Broxton 0-0: Fly out, F7 (Flyball, 7, EV 80.6 MPH)
Runner from 3rd tags up, SCORES, throw by LF
Batting: RHB Kris Bryant 0-0: Ball
1-0: DOUBLE (Line Drive, 9LM, EV 105.0 MPH)
Spencer Kieboom to third
Batting: SHB Josh Bell 0-0: Ground out 2-3 (Groundball, 13S, EV 65.6 MPH)
Bottom of the 3rd over - 1 run, 2 hits, 0 errors, 2 left on base; Boston 0 - Toronto 1
TOP OF THE 4TH
Boston Red Sox batting - Pitching for Toronto Blue Jays : RHP Chi Chi Gonzalez
Batting: RHB Mike Trout 0-0: Foul Ball, location: 2F
0-1: Foul Ball, location: 2F
0-2: Foul Ball, location: 2F
0-2: Ball
1-2: Ball
2-2: Foul Ball, location: 2F
2-2: Ground out 5-3 (Groundball, 56S, EV 63.1 MPH)
Batting: RHB Xander Bogaerts 0-0: DOUBLE (Groundball, 5L, EV 109.4 MPH)
Batting: SHB Marwin Gonzalez 0-0: Called Strike
0-1: Foul Ball, location: 2F
0-2: Ball
1-2: Foul Ball, location: 2F
1-2: Foul Ball, location: 2F
1-2: SINGLE (Line Drive, 89M, EV 108.8 MPH)
Xander Bogaerts to third
Batting: RHB Wilson Ramos 0-0: Fly out, F8 (Flyball, 8LD, EV 102.5 MPH)
Runner from 3rd tags up, SCORES, throw by CF
Batting: LHB Joe Panik 0-0: Ball
1-0: Called Strike
1-1: Fielders Choice at 2nd, 6-4 (Groundball, 6, EV 106.3 MPH)
Top of the 4th over - 1 run, 2 hits, 0 errors, 1 left on base; Boston 1 - Toronto 1
BOTTOM OF THE 4TH
Toronto Blue Jays batting - Pitching for Boston Red Sox : RHP Adam Wainwright
Batting: RHB Aledmys Diaz 0-0: Called Strike
0-1: Foul Ball, location: 2F
0-2: Ball
1-2: Ball
2-2: Fly out, F8 (Line Drive, 8LD, EV 93.1 MPH)
Batting: RHB Enrique Hernandez 0-0: Ball
1-0: Fly out, F9 (Flyball, 89D, EV 80.6 MPH)
Batting: RHB Danny Mendick 0-0: Ball
1-0: Ball
2-0: Ball
3-0: Called Strike
3-1: Foul Ball, location: 2F
3-2: Fly out, F7 (Flyball, 7, EV 92.5 MPH)
Bottom of the 4th over - 0 runs, 0 hits, 0 errors, 0 left on base; Boston 1 - Toronto 1
TOP OF THE 5TH
Boston Red Sox batting - Pitching for Toronto Blue Jays : RHP Chi Chi Gonzalez
Batting: RHB Jedd Gyorko 0-0: Called Strike
0-1: Foul Ball, location: 2F
0-2: Ball
1-2: Strikes out swinging
Pitching: RHP Alec Bettinger
Batting: SHB Kaleb Cowart 0-0: Swinging Strike
0-1: Called Strike
0-2: Foul Ball, location: 2F
0-2: SINGLE (Groundball, 34D, EV 89.4 MPH) (infield hit)
Batting: LHB Zach McKinstry 0-0: Foul Ball, location: 2F
0-1: Ball
1-1: Called Strike
1-2: Foul Ball, location: 2F
1-2: Strikes out swinging
Pitching: RHP Danny Barnes
Batting: RHB Ian Desmond 0-0: SINGLE (Groundball, 6D, EV 98.1 MPH)
Kaleb Cowart to second
Batting: RHB Mike Trout 0-0: Ball
1-0: Ball
2-0: Ball
3-0: Called Strike
3-1: Base on Balls
Kaleb Cowart to third
Ian Desmond to second
Batting: RHB Xander Bogaerts 0-0: Ball
1-0: Ball
2-0: Ball
3-0: Base on Balls
Kaleb Cowart scores
Ian Desmond to third
Mike Trout to second
Batting: SHB Marwin Gonzalez 0-0: Ball
1-0: Fly out, F9 (Line Drive, 9, EV 86.3 MPH)
Top of the 5th over - 1 run, 2 hits, 0 errors, 3 left on base; Boston 2 - Toronto 1
BOTTOM OF THE 5TH
Toronto Blue Jays batting - Pitching for Boston Red Sox : RHP Adam Wainwright
Batting: RHB Yusniel Diaz 0-0: Called Strike
0-1: Ball
1-1: DOUBLE (Line Drive, 3D, EV 110.6 MPH)
Batting: RHB Spencer Kieboom 0-0: Ball
1-0: Swinging Strike
1-1: Ball
2-1: Ball
3-1: Foul Ball, location: 2F
3-2: Ground out U3 (Groundball, 3, EV 82.5 MPH)
Yusniel Diaz to third
Batting: LHB Dee Gordon 0-0: Ball
1-0: Foul Ball, location: 2F
1-1: Swinging Strike
1-2: Ball
2-2: Ball
3-2: Base on Balls
Batting: RHB Keon Broxton 0-0: Ball
1-0: Foul Ball, location: 2F
1-1: Ball
2-1: Grounds into double play, 4-6-3 (Groundball, 34, EV 96.9 MPH)
Bottom of the 5th over - 0 runs, 1 hit, 0 errors, 1 left on base; Boston 2 - Toronto 1
TOP OF THE 6TH
Boston Red Sox batting - Pitching for Toronto Blue Jays : RHP Danny Barnes
Batting: RHB Wilson Ramos 0-0: Ball
1-0: Foul Ball, location: 2F
1-1: Ball
2-1: Ball
3-1: Base on Balls
Batting: LHB Joe Panik 0-0: Ball
1-0: Ball
2-0: SINGLE (Flyball, 6D, EV 90.0 MPH)
Wilson Ramos to second
Pitching: LHP Alex Young
Batting: RHB Jedd Gyorko 0-0: Ball
1-0: Ball
2-0: Foul Ball, location: 2F
2-1: Fly out, F8 (Flyball, 78D, EV 100.0 MPH)
Batting: SHB Kaleb Cowart 0-0: Called Strike
0-1: Ball
1-1: Called Strike
1-2: Foul Ball, location: 2F
1-2: Foul Ball, location: 2F
1-2: Ball
2-2: Grounds into double play, 6-4-3 (Groundball, 56, EV 106.3 MPH)
Top of the 6th over - 0 runs, 1 hit, 0 errors, 1 left on base; Boston 2 - Toronto 1
BOTTOM OF THE 6TH
Toronto Blue Jays batting - Pitching for Boston Red Sox : RHP Adam Wainwright
Batting: RHB Kris Bryant 0-0: Called Strike
0-1: Foul Ball, location: 2F
0-2: Strikes out swinging
Batting: SHB Josh Bell 0-0: Ball
1-0: Swinging Strike
1-1: Called Strike
1-2: Ground out 6-3 (Groundball, 4S, EV 93.8 MPH)
Batting: RHB Aledmys Diaz 0-0: Ground out 6-3 (Groundball, 6, EV 80.6 MPH)
Bottom of the 6th over - 0 runs, 0 hits, 0 errors, 0 left on base; Boston 2 - Toronto 1
TOP OF THE 7TH
Boston Red Sox batting - Pitching for Toronto Blue Jays : LHP Alex Young
Pitching: RHP Trevor Rosenthal
Batting: LHB Zach McKinstry 0-0: Ball
1-0: Fly out, F7 (Flyball, 7LM, EV 107.5 MPH)
Batting: RHB Ian Desmond 0-0: Ball
1-0: Swinging Strike
1-1: Fly out, F7 (Line Drive, 7, EV 93.1 MPH)
Batting: RHB Mike Trout 0-0: Swinging Strike
0-1: Ball
1-1: Ball
2-1: Foul Ball, location: 2F
2-2: Ball
3-2: Foul Ball, location: 2F
3-2: Base on Balls
Batting: RHB Xander Bogaerts 0-0: Called Strike
0-1: Fielders Choice at 2nd, 5-4 (Groundball, 5, EV 89.4 MPH)
Top of the 7th over - 0 runs, 0 hits, 0 errors, 1 left on base; Boston 2 - Toronto 1
BOTTOM OF THE 7TH
Toronto Blue Jays batting - Pitching for Boston Red Sox : RHP Adam Wainwright
Batting: RHB Enrique Hernandez 0-0: Fly out, F3 (Popup, 23F, EV 80.6 MPH)
Batting: RHB Danny Mendick 0-0: Foul Ball, location: 2F
0-1: Ground out 6-3 (Groundball, 6, EV 80.6 MPH)
Batting: RHB Yusniel Diaz 0-0: Foul Ball, location: 2F
0-1: SINGLE (Groundball, 56D, EV 107.5 MPH)
Batting: RHB Spencer Kieboom 0-0: Ball
1-0: Foul Ball, location: 2F
1-1: Ball
2-1: Ball
3-1: Reached on error, E5 (Groundball, 56S, EV 86.9 MPH)
Yusniel Diaz to second
Batting: LHB Dee Gordon 0-0: Ball
1-0: Called Strike
1-1: Fly out, F4 (Line Drive, 4, EV 60.0 MPH)
Bottom of the 7th over - 0 runs, 1 hit, 1 error, 2 left on base; Boston 2 - Toronto 1
TOP OF THE 8TH
Boston Red Sox batting - Pitching for Toronto Blue Jays : RHP Trevor Rosenthal
Pitching: RHP Dauris Valdez
Batting: SHB Marwin Gonzalez 0-0: Ball
1-0: Ground out 4-3 (Groundball, 34, EV 78.8 MPH)
Batting: RHB Wilson Ramos 0-0: Swinging Strike
0-1: Ground out 6-3 (Groundball, 6, EV 86.9 MPH)
Batting: LHB Joe Panik 0-0: Ball
1-0: Ball
2-0: Ball
3-0: Base on Balls
Batting: RHB Jedd Gyorko 0-0: Swinging Strike
0-1: Ball
1-1: Foul Ball, location: 2F
1-2: Foul Ball, location: 2F
1-2: Ball
2-2: Strikes out swinging
Top of the 8th over - 0 runs, 0 hits, 0 errors, 1 left on base; Boston 2 - Toronto 1
BOTTOM OF THE 8TH
Toronto Blue Jays batting - Pitching for Boston Red Sox : RHP Adam Wainwright
Pitching: RHP Will Carter
Batting: RHB Keon Broxton 0-0: Foul Ball, location: 2F
0-1: Foul Ball, location: 2F
0-2: Ball
1-2: Ground out 4-3 (Groundball, 4M, EV 81.3 MPH)
Batting: RHB Kris Bryant 0-0: Called Strike
0-1: Ball
1-1: Foul Ball, location: 2F
1-2: Ball
2-2: Fly out, F6 (Flyball, 56D, EV 75.0 MPH)
Batting: SHB Josh Bell 0-0: Swinging Strike
0-1: Ball
1-1: Ball
2-1: Swinging Strike
2-2: Foul Ball, location: 2F
2-2: Strikes out looking
Bottom of the 8th over - 0 runs, 0 hits, 0 errors, 0 left on base; Boston 2 - Toronto 1
TOP OF THE 9TH
Boston Red Sox batting - Pitching for Toronto Blue Jays : RHP Dauris Valdez
Pitching: RHP Jeremy Walker
Batting: SHB Kaleb Cowart 0-0: Called Strike
0-1: SINGLE (Flyball, 3D, EV 87.5 MPH)
Batting: LHB Zach McKinstry 0-0: Called Strike
0-1: Ground out U3 (Groundball, 3, EV 91.9 MPH)
Kaleb Cowart to second
Batting: RHB Ian Desmond 0-0: Ball
1-0: Foul Ball, location: 2F
1-1: Ground out 4-3 (Groundball, 4, EV 105.0 MPH)
Kaleb Cowart to third
Batting: RHB Mike Trout 0-0: Ball
1-0: Ball
2-0: Called Strike
2-1: Ball
3-1: Base on Balls
Batting: RHB Xander Bogaerts 0-0: Ball
1-0: Ball
2-0: Ball
3-0: Called Strike
3-1: Fly out, F4 (Popup, 3, EV 77.5 MPH)
Top of the 9th over - 0 runs, 1 hit, 0 errors, 2 left on base; Boston 2 - Toronto 1
BOTTOM OF THE 9TH
Toronto Blue Jays batting - Pitching for Boston Red Sox : RHP Will Carter
Pitching: RHP Edwin Diaz
Now in LF: Vince Fernandez
Batting: RHB Aledmys Diaz 0-0: Fly out, F6 (Popup, 6M, EV 56.3 MPH)
Batting: RHB Enrique Hernandez 0-0: Ball
1-0: Ball
2-0: Swinging Strike
2-1: Ball
3-1: Fly out, F8 (Flyball, 8RM, EV 90.0 MPH)
Batting: RHB Danny Mendick 0-0: Called Strike
0-1: Called Strike
0-2: Foul Ball, location: 2F
0-2: Ball
1-2: Strikes out swinging
Bottom of the 9th over - 0 runs, 0 hits, 0 errors, 0 left on base; Boston 2 - Toronto 1
Friday, September 18th, 2020 - OOTP Baseball 21.5 Build 76